 Dungeon Crawl Stone Soup version 0.13.0-25-g43d4df3 (webtiles) character file.

3077 Psiweapon the Covert (level 9, -14/60 HPs)
             Began as a Vampire Enchanter on Oct 28, 2013.
             Was a Follower of Kikubaaqudgha.
             Shot with a sling bullet of flame by Joseph (18 damage)
             ... on Level 9 of the Dungeon.
             The game lasted 00:48:04 (6215 turns).

Psiweapon the Covert (Vampire Enchanter)            Turns: 6215, Time: 00:48:05

HP -14/60        AC  6     Str  9      XL: 9   Next: 39%
MP  14/20        EV 15     Int 18      God: Kikubaaqudgha [*.....]
Gold 366         SH  0     Dex 14      Spells:  6 memorised,  1 level left

Res.Fire  : . . .   See Invis. : +   s - +1,+5 sabre of Dust {slice, rC+}
Res.Cold  : + + +   Warding    : +   b - +2 robe
Life Prot.: + + +   Conserve   : .   (no shield)
Res.Poison: +       Res.Corr.  : .   y - +0 winged helmet
Res.Elec. : .       Clarity    : .   (no cloak)
Sust.Abil.: . .     Spirit.Shd : .   c - +0 pair of gloves
Res.Mut.  : .       Stasis     : .   (no boots)
Res.Rott. : +       Flight     : .   k - amulet of warding
Saprovore : . . .                    (no ring)
                                     (no ring)

@: regenerating slowly, somewhat resistant to hostile enchantments, extremely
stealthy
A: bottle blood, fangs 3, see invisible, unbreathing
a: Bat Form, Bottle Blood, Receive Corpses, Renounce Religion


You were on level 9 of the Dungeon.
You worshipped Kikubaaqudgha.
Kikubaaqudgha was aware of your devotion.
You were near bloodless.

You visited 2 branches of the dungeon, and saw 10 of its levels.

You collected 346 gold pieces.

Inventory:

Hand weapons
 a - a +1,+1 dagger {=f}
 h - a +2,+2 spear
 s - the +1,+5 sabre of Dust (weapon) {slice, rC+}
   (You found it on level 6 of the Dungeon)

   It inflicts extra damage upon your enemies.
   It protects you from cold.
Missiles
 d - 9 silver darts
 g - 10 javelins (quivered)
 m - 9 steel darts
Armour
 b - a +2 robe (worn)
 c - a +0 pair of gloves (worn)
 y - a +0 winged helmet (worn)
Magical devices
 I - a wand of enslavement (11) {unknown}
Scrolls
 i - 10 scrolls of remove curse {unknown}
 j - 2 scrolls of enchant weapon I
 v - 2 scrolls of recharging {unknown}
 w - 2 scrolls of teleportation
 A - 2 scrolls of enchant weapon II
 G - 3 scrolls of amnesia
Jewellery
 f - an uncursed amulet of rage
 k - an amulet of warding (around neck)
 u - an uncursed ring of fire
 C - an uncursed ring of protection from cold {unknown}
Potions
 e - 12 potions of blood
 l - 2 potions of agility
 n - 2 potions of brilliance
 o - 2 potions of flight
 q - 3 potions of invisibility
 r - 3 potions of cure mutation
 t - 2 potions of magic
 z - 2 potions of degeneration {unknown}
 B - 2 potions of coagulated blood
 E - 2 potions of curing
 F - 2 potions of heal wounds {unknown}
Magical staves
 x - an uncursed staff of energy


   Skills:
 + Level 2.9 Fighting
 - Level 5.0 Short Blades
 - Level 1.0 Throwing
 + Level 1.4 Armour
 - Level 5.3 Dodging
 - Level 10.0 Stealth
 + Level 4.0 Spellcasting
 - Level 8.0 Hexes
 + Level 2.2 Necromancy
 - Level 3.4 Ice Magic
 - Level 2.6 Evocations


You had one spell level left.
You knew the following spells:

 Your Spells              Type           Power        Failure   Level  Hunger
a - Corona                Hex            ####...      1%          1    None
b - Ensorcelled Hibernat  Hex/Ice        ###...       1%          2    ##.....
c - Confuse               Hex            ####....     1%          3    ###....
d - Vampiric Draining     Necr           ##........   21%         3    ###....
e - Sublimation of Blood  Necr           ##........   12%         2    ##.....
f - Enslavement           Hex            ####....     6%          4    ####...


Dungeon Overview and Level Annotations

Branches:
Dungeon (9/27)             Temple (1/1) D:5            Lair (0/8) D:8
    Orc: D:6-11

Altars:
Ashenzari
Cheibriados
Elyvilon
Fedhas
Kikubaaqudgha
Makhleb
Nemelex Xobeh
Okawaru
Sif Muna
Trog
Vehumet
Xom
Yredelemnul
Zin
the Shining One

Annotations:
D:2 Sigmund
D:3 exclusion: door, Ijyb
D:4 Menkaure
D:9 Joseph


Innate Abilities, Weirdness & Mutations

You heal slowly.
You can bottle blood from corpses.
You have razor-sharp teeth.*
You have supernaturally acute eyesight.
You can survive without breathing.*


Message History

You can't read that!
Read which item? (? for menu, Esc to quit)
As you read the scroll of fear, it crumbles to dust.
You assume a fearsome visage.
Joseph looks frightened!
The gnoll shaman looks frightened!
The gnoll looks frightened!
The gnoll looks frightened!
The jelly looks frightened!
The giant frog looks frightened!
There is a stone staircase leading up here.
Use which ability? (? or * to list)
Your possessions no longer seem quite so burdensome.
Your transformation has ended.
The +1,+5 sabre of Dust {slice, rC+} unmelds from your body.
Your +0 winged helmet unmelds from your body.
Your +0 pair of gloves unmelds from your body.
Your +2 robe unmelds from your body.
You start resting.
Unknown command.
Joseph shoots a sling bullet of flame.
The sling bullet of flame hits you!
You die...
Kikubaaqudgha rasps: "You have failed me!
Welcome... oblivion!"

#........######..........#
#........................#
####........................#
............................#
.....................)......#
.................)..%%......#
.........................>..#
............................#
........@.......@.........!.#
#############################


You could see Joseph.

Vanquished Creatures
  Grinder (D:3)
  A sky beast (D:5)
  3 ogres
  4 centaurs
  An ice beast (D:9)
  A phantom (D:9)
  A water moccasin (D:9)
  4 giant frogs
  3 wights (D:7)
  3 crimson imps
  3 hounds
  A jelly (D:7)
  8 orc wizards
  2 scorpions
  2 iguanas
  4 orc priests
  5 worker ants
  Terence (D:3)
  6 adders
  A worm zombie (D:5)
  5 worms
  An adder skeleton (D:6)
  4 giant geckos
  An ooze (D:2)
  24 orcs
  4 ball pythons
  7 hobgoblins
  5 jackals
  19 kobolds
  4 quokkas
  4 bats
  7 giant newts
  A giant spore (D:4)
  7 goblins
  9 rats
  2 ballistomycetes (D:4)
159 creatures vanquished.

Vanquished Creatures (collateral kills)
  A big kobold (D:9)
  An orc wizard (D:9)
  3 jackals (D:9)
  2 kobolds (D:9)
7 creatures vanquished.

Grand Total: 166 creatures vanquished

Notes
Turn   | Place    | Note
--------------------------------------------------------------
     0 | D:1      | Psiweapon, the Vampire Enchanter, began the quest for the Orb.
     0 | D:1      | Reached XP level 1. HP: 13/13 MP: 4/4
     3 | D:1      | Noticed a shark
     3 | D:1      | Noticed a shark
   326 | D:1      | Reached skill level 1 in Throwing
   362 | D:1      | Reached XP level 2. HP: 19/19 MP: 5/5
   576 | D:1      | Learned a level 2 spell: Ensorcelled Hibernation
   856 | D:2      | Found a sparkling altar of Nemelex Xobeh.
   866 | D:2      | Reached XP level 3. HP: 24/24 MP: 3/6
  1091 | D:2      | Noticed Sigmund
  1258 | D:3      | Reached skill level 1 in Evocations
  1540 | D:3      | Reached XP level 4. HP: 30/30 MP: 5/8
  1576 | D:3      | Noticed Terence
  1583 | D:3      | Killed Terence
  1927 | D:3      | Noticed Grinder
  1939 | D:3      | Killed Grinder
  1939 | D:3      | Reached skill level 5 in Stealth
  1939 | D:3      | Reached XP level 5. HP: 7/35 MP: 8/10
  1939 | D:3      | Reached XP level 6. HP: 8/41 MP: 8/11
  2086 | D:3      | Learned a level 3 spell: Confuse
  2216 | D:3      | Reached skill level 6 in Stealth
  2216 | D:3      | Reached skill level 5 in Hexes
  2324 | D:3      | Found a glowing golden altar of the Shining One.
  2324 | D:3      | Noticed Ijyb
  2340 | D:3      | Noticed a giant frog
  2344 | D:3      | Killed a giant frog
  2630 | D:4      | Reached XP level 7. HP: 46/46 MP: 10/13
  2695 | D:4      | Reached skill level 7 in Stealth
  2904 | D:4      | Reached skill level 5 in Dodging
  2958 | D:4      | Noticed Menkaure
  2975 | D:5      | Entered Level 5 of the Dungeon
  3030 | D:5      | Found a staircase to the Ecumenical Temple.
  3041 | Temple   | Entered the Ecumenical Temple
  3094 | Temple   | Became a worshipper of Kikubaaqudgha
  3699 | D:6      | Got a pitted sabre
  3706 | D:6      | Identified the sabre of Dust {slice, rC+} (You found it on level 6 of the Dungeon)
  3720 | D:6      | Reached skill level 5 in Short Blades
  3720 | D:6      | Reached XP level 8. HP: 52/52 MP: 11/14
  3784 | D:6      | Reached skill level 8 in Stealth
  3784 | D:6      | Reached skill level 1 in Ice Magic
  3897 | D:6      | Found a snail-covered altar of Cheibriados.
  4498 | D:7      | Reached skill level 9 in Stealth
  4749 | D:7      | Reached skill level 1 in Fighting
  4998 | D:8      | Reached XP level 9. HP: 58/58 MP: 15/18
  5000 | D:8      | Acquired Kikubaaqudgha's first power
  5000 | D:8      | Received a gift from Kikubaaqudgha
  5003 | D:8      | Identified Kikubaaqudgha's Disquisition on Dark Secrets (Kikubaaqudgha gifted it to you on level 8 of the Dungeon)
  5043 | D:7      | Learned a level 3 spell: Vampiric Draining
  5046 | D:7      | Learned a level 2 spell: Sublimation of Blood
  5388 | D:8      | Found a staircase to the Lair.
  5403 | D:8      | Reached skill level 10 in Stealth
  5600 | D:8      | Learned a level 4 spell: Enslavement
  5748 | D:9      | Identified a scroll of acquirement
  5838 | D:9      | Reached skill level 1 in Necromancy
  5908 | D:9      | Reached skill level 1 in Armour
  6167 | D:9      | Noticed Joseph
  6174 | D:9      | HP: 1/60 [gnoll/halberd (9)]
  6215 | D:9      | Shot with a sling bullet of flame by Joseph

Action                   |  1- 3 |  4- 6 |  7- 9 || total
-------------------------+-------+-------+-------++-------
Melee: Dagger            |    82 |    51 |    71 ||   204
       Sabre             |       |       |   113 ||   113
Throw: Javelin           |    35 |    31 |    32 ||    98
       Dart              |     2 |       |       ||     2
 Cast: Ensorcelled Hiber |    13 |    22 |    57 ||    92
       Corona            |     8 |     1 |       ||     9
       Confuse           |       |       |     8 ||     8
       Enslavement       |       |       |     7 ||     7
       Sublimation of Bl |       |       |     1 ||     1
 Abil: Bottle Blood      |       |       |    16 ||    16
       End Transformatio |       |       |     1 ||     1
       Bat Form          |       |       |     1 ||     1
Evoke: Wand              |       |       |     2 ||     2
  Use: Scroll            |     2 |     7 |    18 ||    27
 Stab: Sleeping          |    12 |    17 |    48 ||    77
       Confused          |       |       |     4 ||     4
       Distracted        |       |       |     1 ||     1
